 Dungeon Crawl Stone Soup version 0.27-a0-1144-g0b7d3b79db (webtiles) character file.

Game seed: 5784657324844462

38 neco the Firebug (level 3, -9/22 HPs)
             Began as an Octopode Fire Elementalist on May 10, 2021.
             Was a Follower of Jiyva.
             Mangled by an ogre
             ... wielding a +0 giant club
              (31 damage)
             ... on level 5 of the Dungeon.
             The game lasted 00:51:26 (3574 turns).

neco the Firebug (Octopode Fire Elementalist)       Turns: 3574, Time: 00:51:27

Health: -9/22      AC:  1    Str:  8    XL:     3   Next: 43%
Magic:  6/6        EV: 13    Int: 17    God:    Jiyva [*.....]
Gold:   28         SH:  0    Dex: 18    Spells: 6/6 levels left

rFire    x . .     SeeInvis .   e - +0 short sword
rCold    + . .     Faith    .   (no shield)
rNeg     . . .     Spirit   .   (helmet restricted)
rPois    .         Reflect  .   (no amulet)
rElec    .         Harm     .   k - +6 ring of dexterity
rCorr    .         Rampage  .   h - ring of ice
Will     .....                  c - ring of flight
Stlth    +++.......             (no ring)
HPRegen  0.07/turn              (no ring)
MPRegen  0.10/turn              (no ring)
                                (no ring)
                                (no ring)

@: flying
A: almost no armour, amphibious, 8 rings, camouflage 1, gelatinous body 1,
(nimble swimmer 1), tentacles
a: Renounce Religion, Request Jelly


You were on level 5 of the Dungeon.
You worshipped Jiyva.
Jiyva was aware of your devotion.
You visited 1 branch of the dungeon, and saw 4 of its levels.

You collected 28 gold pieces.

Inventory:

Hand Weapons
 a - a +0 club
 d - a +0 club
 e - a +0 short sword (weapon)
Missiles
 b - 99 stones (quivered)
 g - 3 boomerangs
Jewellery
 c - a ring of flight (on tentacle)
 h - a ring of ice (right tentacle)
 k - a +6 ring of dexterity (left tentacle)
Scrolls
 f - 3 scrolls of immolation {unknown}
 j - 4 scrolls of identify {unknown}


   Skills:
 + Level 0.3 Fighting
 + Level 0.7 Short Blades
 + Level 0.1 Throwing
 + Level 2.2 Dodging
 + Level 3.0 Stealth
 + Level 2.3 Spellcasting
 + Level 1.3 Conjurations
 + Level 3.4 Fire Magic


You had 6 spell levels left.
You didn't know any spells.
Your spell library contained the following spells:

 Spells                   Type           Power      Damage    Failure   Level
 Foxfire                  Conj/Fire      40%        2x1d6     7%          1
 Conjure Flame            Conj/Fire      10%        6-21      22%         3
 Inner Flame              Hex/Fire       7%         N/A       28%         3
 Sticky Flame             Conj/Fire      10%        2d3       56%         4
 Fireball                 Conj/Fire      5%         3d5       89%         5


Dungeon Overview and Level Annotations

Branches:
Dungeon (5/15)
 Temple: D:4-7

Altars:
Jiyva

Annotations:
D:4 Blork the orc


Innate Abilities, Weirdness & Mutations

You cannot wear most types of armour.
You are amphibious.
You can wear up to eight rings at the same time.
Your skin changes colour to match your surroundings (Stealth+).
Your rubbery body absorbs attacks. (AC +1, EV +1)
((You are camouflaged near water. (Stealth+)))
You have tentacles for arms and can constrict up to eight enemies at once.


Message History

Unknown command.
You hear a distant slurping noise. x2
You hear a distant slurping noise.
You hear a squelching noise.
You hear a distant slurping noise.
Jiyva appreciates your sacrifice.
A scorpion comes into view.
Found 28 sling bullets and a scroll labelled JOATEE SOVECIX.
You hear a distant slurping noise.
You hear a distant slurping noise.
You hear a distant slurping noise.
You hear a distant slurping noise.
You hear a distant slurping noise.
You hear a distant slurping noise.
Jiyva appreciates your sacrifice.
You hear a distant slurping noise.
You hear a distant slurping noise.
You hear a distant slurping noise.
You hear a distant slurping noise.
You hear a distant slurping noise.
You swap places.
You hear a distant slurping noise.
You hear a squelching noise.
You hear a distant slurping noise.
You hear a distant slurping noise.
You hear a distant slurping noise.
Jiyva appreciates your sacrifice.
You hear a squelching noise.
Found a stone staircase leading down.
An ogre comes into view. It is wielding a +0 giant club.
Found 17 stones.
b - 99 stones (gained 17)
Found a stone staircase leading up.
There is a stone staircase leading up here.
An ogre comes into view. It is wielding a +0 giant club.
The ogre shouts!
You hear a distant slurping noise.
You hear a distant slurping noise.
Jiyva appreciates your sacrifice.
The ogre hits you with a +0 giant club!!
Ouch! That really hurt!
You die...

### #<# #.### ##### #...# #...#
###.#####O#.# #.....@.#.#
#########.#######
######........#######
..O..................
#############.####### #.#
#########################.#######
.................................
##.######################.#######


You could see an ogre.

Vanquished Creatures
  An ufetubus (D:4)
  2 ball pythons (D:1)
  An endoplasm (D:1)
  A giant cockroach (D:1)
  A goblin (D:1)
  4 hobgoblins
  4 jackals (D:1)
  A quokka (D:1)
  6 bats
  A frilled lizard (D:2)
  3 kobolds
  7 rats
32 creatures vanquished.

Vanquished Creatures (others)
  An ogre (D:5)
  A centaur (D:5)
  A bullfrog (D:5)
  4 jellies
  4 hounds (D:5)
  2 iguanas (D:5)
  3 adders
  3 dart slugs
  A goblin (D:2)
  2 jackals (D:2)
  2 bats (D:1)
  A frilled lizard (D:1)
  A kobold (D:2)
  A rat (D:2)
  27 foxfires
54 creatures vanquished.

Grand Total: 86 creatures vanquished

Notes
Turn   | Place    | Note
-------+----------+-------------------------------------------
     0 | D:1      | neco the Octopode Fire Elementalist began the quest for the
                  | Orb.
     0 | D:1      | Reached XP level 1. HP: 11/11 MP: 3/3
   218 | D:1      | Reached XP level 2. HP: 14/17 MP: 3/5
   735 | D:1      | Reached XP level 3. HP: 21/21 MP: 4/6
   754 | D:1      | Found a faded altar of an unknown god.
   855 | D:1      | Became a worshipper of Jiyva Joyz the Shapeless
   855 | D:1      | Reached * piety under Jiyva
  2836 | D:2      | You fall into a shaft and drop 2 floors!
  2959 | D:4      | Noticed Blork the orc
  3100 | D:5      | Entered Level 5 of the Dungeon
  3312 | D:5      | Noticed a scorpion
  3386 | D:5      | Killed a bullfrog
  3410 | D:5      | Killed a centaur
  3496 | D:5      | Noticed an ogre
  3563 | D:5      | Noticed an ogre
  3568 | D:5      | Killed an ogre
  3574 | D:5      | Mangled by an ogre

Illustrated notes

Levels and vault maps discovered:
D:1:      evilmike_arrival_rings, layout_basic, chequers_ecumenical_altar_island
D:2:      layout_loops_ring, item_on_display_a
D:4:      layout_rooms, minmay_temple_entry_mist, corner_web_ring,
          uniq_blork_the_orc
D:5:      layout_basic

Skill      XL: |  1  2 |
---------------+-------+-----
Stealth        | 3 |  3.0
Fighting       | |  0.3
Short Blades   | |  0.7
Throwing       | |  0.1
Dodging        | |  2.2
Spellcasting   | |  2.3
Conjurations   | |  1.3
Fire Magic     | |  3.4

Action                   || total
-------------------------++-------
Melee: Club              ||     9
       Constrict         ||    12
       Tentacles         ||     7
       Short sword       ||    48
Throw: Stone             ||    31
       Boomerang         ||     2
       Throwing net      ||     1
 Cast: Foxfire           ||    18
  Use: Potion            ||     1
       Scroll            ||     2
 Stab: Sleeping          ||     3
Armor: Skin              ||    72
Dodge: Dodged            ||    55

Table legend: (Time is in decaauts)
 A = Elapsed time spent in this place.
 B = Non-inter-level travel time spent in this place.
 C = Inter-level travel time spent in this place.
 D = Time resting spent in this place.
 E = Time spent auto-exploring this place.
 F = Levels seen in this place.
 G = Mean time per level.
                   A        B        C        D        E       F      G
               +--------+--------+--------+--------+--------+-----+--------+
         Total |   3578 |   3523 |     55 |    549 |      0 |   4 |  894.5 |
       Dungeon |   3578 |   3523 |     55 |    549 |      0 |   4 |  894.5 |
               +--------+--------+--------+--------+--------+-----+--------+

Top non-repeatable levels by time:
     D:1: 1801 daAuts
     D:2: 1040 daAuts
     D:5: 473 daAuts
     D:4: 263 daAuts
